 Dungeon Crawl Stone Soup version 0.20-a0-270-g8e735b6 (webtiles) character file.

270 Leibowitz the Cutter (level 5, 0/42 HPs)
             Began as a Demigod Gladiator on Dec 10, 2016.
             Killed by divine providence
             ... invoked by an orc priest
              (16 damage)
             ... on level 4 of the Dungeon.
             The game lasted 00:08:01 (3058 turns).

Leibowitz the Cutter (Demigod Gladiator)            Turns: 3058, Time: 00:08:01

Health: 0/42       AC:  6    Str: 18    XL:     5   Next: 70%
Magic:  7/7        EV: 14    Int: 12    God:
Gold:   210        SH:  0    Dex: 18    Spells: 4/4 levels left

rFire  . . .     SeeInvis .     a - +0 dagger (venom)
rCold  . . .     Gourm    .     q - +2 animal skin
rNeg   . . .     Faith    .     (no shield)
rPois  .         Spirit   .     c - +0 helmet
rElec  .         Reflect  .     (no cloak)
rCorr  .         Harm     .     o - +0 pair of gloves
MR     .....                    (no boots)
Stlth  ++........               (no amulet)
                                (no ring)
                                (no ring)

@: no status effects
A: high mp 1
a: no special abilities


You were on level 4 of the Dungeon.
You were not hungry.

You visited 1 branch of the dungeon, and saw 4 of its levels.

You collected 210 gold pieces.

Inventory:

Hand Weapons
 a - a +0 dagger of venom (weapon)
 w - a +0 rapier
Missiles
 d - 2 throwing nets (quivered)
Armour
 c - a +0 helmet (worn)
 o - a +0 pair of gloves (worn)
 q - a +2 animal skin (worn)
Wands
 t - a wand of disintegration (17/24)
Scrolls
 e - 2 scrolls of noise {unknown}
 i - a scroll of fear {unknown}
 j - a scroll of remove curse {unknown}
 n - a scroll of immolation {unknown}
 p - 3 scrolls of identify {unknown}
Potions
 b - a potion of might
 k - a potion of agility {unknown}
 l - a potion of heal wounds {unknown}
 m - a potion of resistance {unknown}
 s - a potion of ambrosia {unknown}
 u - 2 potions of berserk rage
 v - a potion of curing {unknown}
Books
 r - a book of Minor Magic

   Spells                             Type                      Level
   a - Magic Dart                     Conjuration                  1
   b - Blink                          Translocation                2
   c - Call Imp                       Summoning                    2
   d - Repel Missiles                 Charms/Air                   2
   e - Slow                           Hexes                        2
   f - Conjure Flame                  Conjuration/Fire             3
   g - Mephitic Cloud                 Conjuration/Poison/Air       3
Comestibles
 f - 2 bread rations
 g - 4 meat rations
 h - a slice of pizza


   Skills:
 * Level 2.7 Fighting
 + Level 4.1 Short Blades
 + Level 1.8 Throwing
 + Level 0.6 Armour
 * Level 3.8 Dodging
 * Level 2.4 Stealth


You had 4 spell levels left.
You didn't know any spells.

Dungeon Overview and Level Annotations

Branches:
Dungeon (4/15)
 Temple: D:4-7


Innate Abilities, Weirdness & Mutations

You have an increased reservoir of magic. (+10% MP)


Message History

You hit the orc priest but do no damage.
The orc priest looks as sick as possible!
The orc priest is lightly wounded.
You kill the orc!
The orc priest invokes the aid of Beogh against you.
Beogh smites you!
The orc priest hits you but does no damage.
You closely miss the orc priest.
The orc priest is heavily wounded.
An adder skeleton comes into view.
You hit the orc priest but do no damage.
The orc priest looks as sick as possible!
The orc priest is severely wounded.
The orc priest barely misses you.
The adder skeleton moves out of view.
You hit the orc priest but do no damage.
The orc priest looks as sick as possible!
The orc priest is severely wounded.
The orc priest mumbles some strange prayers to Beogh against you.
Beogh smites you!
You die...

########## #.........
.###.###[........
.....ooo@>........
###.#######.........
..#.# #####.########
#######.#.# #...........#
.....##.#.# #...........#
####.##.#.###.).........#
..<.........#...........#
.#.#.####.#.#...........#
#.#.# #...#...........###


You could see 2 orc priests and an orc.

Vanquished Creatures
  An orc priest (D:3)
  An orc wizard (D:3)
  Robin (D:2)
  8 adders
  3 oozes
  2 worms (D:2)
  A dart slug (D:2)
  3 leopard geckos
  11 orcs
  A ball python (D:2)
  3 giant cockroaches
  13 goblins
  13 hobgoblins
  11 jackals
  5 kobolds
  6 bats
  4 frilled lizards
  2 gnoll zombies (D:2)
  7 rats
96 creatures vanquished.

Notes
Turn   | Place    | Note
-------+----------+-------------------------------------------
     0 | D:1      | Leibowitz the Demigod Gladiator began the quest for the Orb.
     0 | D:1      | Reached XP level 1. HP: 17/17 MP: 3/3
   140 | D:1      | Reached XP level 2. HP: 18/24 MP: 4/4
   549 | D:1      | Reached skill level 1 in Stealth
   679 | D:2      | Reached skill level 3 in Short Blades
   708 | D:2      | Reached XP level 3. HP: 24/29 MP: 5/5
   990 | D:2      | Noticed Robin
  1037 | D:2      | Killed Robin
  1126 | D:2      | Reached XP level 4. HP: 29/36 MP: 6/6
  1249 | D:2      | Found a bloodstained altar of Trog.
  1405 | D:2      | Found a basalt altar of Yredelemnul.
  1590 | D:3      | Found a shadowy altar of Dithmenos.
  1786 | D:3      | Found a hide-covered altar of Uskayaw.
  1824 | D:3      | Reached XP level 5. HP: 38/42 MP: 7/7
  2501 | D:3      | Reached skill level 4 in Short Blades
  2799 | D:3      | Found a burning altar of Makhleb.
  3058 | D:4      | Killed from afar by an orc priest

Vault maps used:
D:1:      dpeg_arrival_tiny_c
D:2:      lemuel_zombie_altar_yredelemnul, first_bread, trog_butcher_becter,
          uniq_robin
D:3:      nicolae_dithmenos_through_a_glass_darkly,
          chequers_temple_overflow_statue_of_worship, roderic_roman_lattice
D:4:      uniq_sigmund

Skill      XL: |  1  2  3  4  5 |
---------------+----------------+-----
Dodging        | 3 |  3.8
Stealth        | 1 2 |  2.4
Fighting       | 2 |  2.7
Short Blades   | 3 4 |  4.1
Throwing       | |  1.8
Armour         | |  0.6

Action                   |  1- 3 |  4- 6 || total
-------------------------+-------+-------++-------
Melee: Rapier            |   139 |   143 ||   282
       Dagger            |       |    40 ||    40
Throw: Throwing net      |       |     1 ||     1
 Stab: Sleeping          |     1 |     7 ||     8
       Held in net/web   |       |     1 ||     1
  Eat: Chunk             |     1 |     6 ||     7
Armor: Leather armour    |    31 |       ||    31
       Animal skin       |     5 |    35 ||    40
Dodge: Dodged            |    82 |   134 ||   216
